Map: Dusk Towers

Players

Miszu

  • Race: Terran Terran
  • League: Master

Lucifer - Winner!

  • Race: Terran Terran
  • League: Master

VOD

Have the link to the VOD?

Description

Time

  • Played on: July 3, 2016, 10:49 a.m.
  • Length: 8:50
Show
View Real Time Build Order
Export as new Build Order

Miszu Terran 

Build Orders: MMM Bio 

Get SALT Encoding   

  12  0:00  SCV  
  13  0:13  SCV  
  14  0:17  Supply Depot  
  14  0:25  SCV  
  15  0:39  SCV  
  15  0:40  Barracks  
  16  0:42  Refinery  
  16  0:51  SCV  
  17  1:03  SCV  
  17  1:04  Barracks  
  18  1:15  SCV  
  19  1:32  Reaper  
  21  1:33  Orbital Command  
  21  1:34  Supply Depot  
  20  1:51  Reaper  
  21  1:59  SCV  
  22  2:04  Reaper  
  23  2:09  Command Center  
  23  2:12  SCV  
  24  2:24  Barracks, SCV  
  24  2:26  Reaper  
  26  2:36  SCV  
  27  2:48  SCV  
  27  2:51  Refinery  
  28  3:08  SCV  
  28  3:12  Barracks Tech Lab  
  29  3:19  Barracks Reactor  
  27  3:20  SCV  
  27  3:22  Orbital Command  
  27  3:26  Barracks Tech Lab  
  28  3:31  Marine  
  28  3:33  Stimpack  
  29  3:35  SCV  
  30  3:45  Marine  
  30  3:47  SCV  
  30  3:48  SCV  
  33  3:49  Marine  
  33  3:51  Refinery  
  34  3:56  Marine x2  
  34  3:59  SCV  
  34  4:00  Factory, SCV  
  38  4:03  Supply Depot, Marine  
  38  4:07  Marine  
  40  4:11  Engineering Bay, SCV  
  40  4:12  SCV  
  40  4:14  Marine x2  
  44  4:21  Marine  
  44  4:23  SCV  
  46  4:24  Marine, SCV  
  46  4:25  Supply Depot  
  48  4:31  Combat Shields  
  48  4:32  Marine x2  
  48  4:35  SCV  
  48  4:36  Terran Infantry Weapons Level 1, SCV  
  52  4:39  Marine  
  52  4:42  Marine  
  52  4:44  Starport  
  52  4:45  Factory Reactor  
  54  4:47  Supply Depot, SCV  
  54  4:48  SCV  
  54  4:49  Marine  
  57  4:59  SCV  
  58  5:01  SCV  
  59  5:10  Supply Depot, Command Center  
  59  5:11  SCV  
  59  5:13  SCV  
  61  5:19  Marine  
  62  5:24  SCV  
  62  5:27  Medivac  
  62  5:28  Medivac, Factory Tech Lab  
  67  5:29  SCV  
  67  5:32  Supply Depot  
  67  5:35  Refinery  
  68  5:36  Marine x2, SCV  
  68  5:41  SCV  
  72  5:47  Siege Tank  
  75  5:51  Barracks  
  75  5:52  SCV  
  75  5:53  Barracks  
  76  5:59  Medivac x2  
  80  6:04  Marine  
  80  6:05  Marine x3  
  80  6:07  SCV  
  80  6:11  Supply Depot, SCV  
  86  6:21  SCV  
  86  6:23  SCV, Orbital Command  
  87  6:33  SCV  
  87  6:36  SCV  
  89  6:44  Marine  
  89  6:45  Marine x3  
  89  6:46  Barracks Reactor x2, Medivac, Siege Tank  
  89  6:47  Medivac  
  81  7:02  Marine x4  
  81  7:03  SCV x3  
  81  7:06  Factory, Refinery x2  
  88  7:08  Missile Turret  
  88  7:11  Missile Turret  
  88  7:12  Missile Turret  
  88  7:15  SCV x2  
  90  7:16  Medivac  
  90  7:17  SCV  
  90  7:18  Siege Tank  
  90  7:20  Marine  
  97  7:25  Engineering Bay, Armory  
  97  7:27  SCV x2  
  97  7:29  SCV  
  100  7:39  SCV x2  
  100  7:41  Supply Depot, SCV, Missile Turret  
  100  7:43  Supply Depot  
  103  7:51  SCV x2, Missile Turret  
  103  7:52  Siege Tank, Factory Tech Lab  
  103  7:53  SCV  
  109  8:03  Marine x5, SCV  
  109  8:04  Medivac  
  109  8:05  Medivac, Missile Turret  
  119  8:07  Supply Depot  
  119  8:08  Barracks Reactor x2, Marine  
  119  8:11  Supply Depot  
  119  8:15  Siege Tank  
Show
View Real Time Build Order
Export as new Build Order

Lucifer Terran - Winner!

Build Orders: Reaper Expand, MMM Bio 

Get SALT Encoding   

  12  0:02  SCV  
  13  0:14  SCV  
  13  0:18  Supply Depot  
  14  0:29  SCV  
  15  0:41  Barracks, SCV  
  16  0:47  Refinery  
  16  0:53  SCV  
  17  1:05  SCV  
  18  1:17  SCV  
  19  1:30  Orbital Command  
  19  1:31  Reaper  
  20  1:40  Refinery  
  20  1:50  Command Center  
  20  1:56  SCV  
  21  2:07  Supply Depot, Marine  
  21  2:10  SCV  
  22  2:17  Factory  
  22  2:22  Refinery  
  22  2:23  SCV  
  23  2:33  Marine  
  23  2:35  SCV  
  25  2:47  SCV  
  25  2:50  Marine  
  26  3:04  Hellion  
  26  3:05  SCV  
  28  3:08  Starport, Marine  
  28  3:10  Orbital Command  
  28  3:17  SCV  
  29  3:27  Barracks Reactor  
  29  3:29  SCV  
  29  3:30  Hellion  
  32  3:39  SCV  
  33  3:41  SCV  
  36  3:49  Viking  
  36  3:51  SCV  
  36  3:53  Factory Tech Lab, SCV  
  38  3:58  Supply Depot  
  38  4:03  SCV  
  38  4:04  Marine  
  38  4:05  Marine, SCV  
  42  4:16  SCV  
  42  4:17  Siege Tank, Command Center  
  46  4:20  SCV  
  46  4:22  Marine x2  
  49  4:27  Starport Tech Lab, Barracks  
  49  4:32  SCV x2  
  49  4:33  Barracks  
  51  4:42  Supply Depot  
  51  4:43  Supply Depot  
  51  4:45  Marine, SCV x2  
  54  4:56  Starport Reactor  
  54  4:57  Factory Tech Lab  
  54  4:59  Engineering Bay  
  54  5:01  Engineering Bay  
  54  5:03  Marine x2, SCV  
  54  5:04  SCV  
  58  5:13  Refinery x2  
  58  5:16  SCV x2  
  60  5:21  Marine  
  60  5:22  Barracks  
  60  5:23  Barracks  
  60  5:27  Stimpack, Combat Shields  
  61  5:32  Orbital Command  
  61  5:33  SCV  
  62  5:36  SCV  
  62  5:38  Marine  
  64  5:45  Terran Infantry Armor Level 1, SCV  
  64  5:46  Terran Infantry Weapons Level 1  
  64  5:49  SCV  
  66  5:51  Marine x3  
  66  5:54  Orbital Command  
  69  5:57  SCV  
  70  6:04  Marine  
  70  6:05  Siege Tank  
  70  6:06  Medivac  
  70  6:07  Medivac  
  70  6:09  Marine x2, SCV  
  70  6:10  SCV  
  82  6:16  Supply Depot  
  82  6:19  SCV  
  82  6:21  SCV  
  82  6:22  Barracks Reactor x2, SCV  
  85  6:27  Supply Depot x2  
  85  6:30  Supply Depot  
  85  6:34  Marine x3  
  72  6:40  SCV x2  
  49  7:01  SCV  
  49  7:02  SCV  
  49  7:06  Marine x5  
  49  7:07  Marine, Siege Tank  
  60  7:10  SCV  
  60  7:12  Marine x2, Medivac x2  
  60  7:14  SCV  
  68  7:19  SCV  
  68  7:22  SCV  
  70  7:24  Marine x2  
  70  7:26  SCV  
  73  7:31  Marine x3  
  73  7:33  SCV  
  73  7:34  Marine x2, SCV  
  73  7:35  Marine  
  81  7:41  Marine  
  81  7:42  Marine  
  83  7:45  Armory  
  83  7:49  Marine x2  
  85  7:51  Marine  
  85  7:52  Marine x3  
  85  7:54  SCV  
  90  7:59  Marine x2  
  90  8:03  SCV x2  
  94  8:06  Marine, SCV  
  94  8:09  Siege Tank  
  94  8:10  Marine  
  100  8:13  Marine  
  100  8:15  SCV  
  100  8:19  SCV x2  
  104  8:32  Marine x2  
Tags
 
Add a new tag
Caveats
  • Supply blocks, unpowered buildings, or Contaminate may cause inaccurate times.
  • Supply counts are checked every 10 seconds.